 Dungeon Crawl Stone Soup version 0.23.1-37-gaa34b87b72 (webtiles) character file.

Game seed: 10505695726602511454

2590 Marnok the Blocker (level 9, -1/68 HPs)
             Began as a Human Fighter on Mar 20, 2019.
             Slain by a two-headed ogre
             ... wielding a +0 giant club
              (22 damage)
             ... on level 7 of the Dungeon.
             The game lasted 00:46:00 (9608 turns).

Marnok the Blocker (Human Fighter)                  Turns: 9608, Time: 00:46:00

Health: -1/68      AC: 14    Str: 16    XL:     9   Next: 89%
Magic:  9/9        EV: 18    Int: 14    God:
Gold:   516        SH: 15    Dex: 21    Spells: 8/8 levels left

rFire    . . .     SeeInvis .   j - +3 dagger
rCold    + . .     Gourm    .   c - +0 shield
rNeg     + . .     Faith    .   y - +4 ring mail {rC+}
rPois    .         Spirit   .   b - +2 helmet {Int+3}
rElec    .         Reflect  +   s - +0 cloak
rCorr    .         Harm     .   (no gloves)
MR       .....                  (no boots)
Stlth    +++.......             i - +4 amulet of reflection
HPRegen  0.21/turn              k - ring of flight
MPRegen  0.11/turn              t - ring of positive energy

@: agile, lethally poisoned (-1 -> -4)
A: thin skeletal structure 1, clever 1, deterioration 1, weak 1
a: Evoke Flight


You were on level 7 of the Dungeon.
You were very hungry.

You visited 1 branch of the dungeon, and saw 8 of its levels.
You also visited: Ossuary.

You collected 540 gold pieces.
You spent 24 gold pieces at shops.

Inventory:

Hand Weapons
 a - a +0 war axe
 j - a +3 dagger (weapon)
 p - a +0 whip of pain
 x - a +1 flail of crushing
 z - a +2 short sword of holy wrath
Missiles
 m - 2 throwing nets (quivered)
Armour
 b - a +2 helmet of intelligence (worn)
 c - a +0 shield (worn)
 r - a +3 ring mail
 s - a +0 cloak (worn)
 y - a +4 ring mail of cold resistance (worn)
Jewellery
 i - a +4 amulet of reflection (around neck)
 k - a ring of flight (left hand)
 t - a ring of positive energy (right hand)
Wands
 v - a wand of polymorph (2)
 w - a wand of paralysis (10)
Scrolls
 d - 2 scrolls of teleportation
 e - a scroll of immolation {unknown}
 l - 16 scrolls of identify
 n - a scroll of noise
 o - 3 scrolls of remove curse
 u - a scroll of amnesia
 A - a scroll of enchant armour {unknown}
 D - a scroll of magic mapping
Potions
 g - 6 potions of flight
 h - a potion of resistance
Comestibles
 f - 9 rations


   Skills:
 + Level 5.0 Fighting
 + Level 6.1 Short Blades
 + Level 2.4 Axes
 + Level 5.5 Armour
 + Level 4.6 Dodging
 + Level 1.6 Stealth
 + Level 8.0 Shields
 + Level 0.2 Evocations


You had 8 spell levels left.
You didn't know any spells.
Your spell library contained the following spells:

 Spells                   Type           Power        Failure   Level  Hunger
 Animate Skeleton         Necr           N/A          77%         1    ##.....
 Apportation              Tloc           #.....       77%         1    ##.....
 Confusing Touch          Hex            #.....       77%         1    ##.....
 Summon Small Mammal      Summ           #...         77%         1    ##.....


Dungeon Overview and Level Annotations

Branches:
Dungeon (8/15)             Temple (0/1) D:4
   Lair: D:8-11

Altars:
Yredelemnul
The Shining One

Shops:
D:4 ([?*:   D:5 }

Annotations:
D:7 2 transporters, Freyura's ghost, novice TrFi


Innate Abilities, Weirdness & Mutations

You have a somewhat thin skeletal structure. (Dex +2, Stealth)
Your mind is acute. (Int +2)
Your body sometimes deteriorates upon taking damage.
You are weak. (Str -2)


Message History

The two-headed ogre is moderately wounded.
You feel sick. You block the scorpion's attack.
You hit the two-headed ogre.
The two-headed ogre is heavily wounded.
You block the two-headed ogre's attack.
The two-headed ogre hits you but does no damage.
The scorpion stings you but does no damage.
You puncture the two-headed ogre!
The two-headed ogre is heavily wounded.
You feel sick.
The two-headed ogre hits you with a +0 giant club!
The two-headed ogre hits you with a +0 giant club.
You hit the two-headed ogre.
The two-headed ogre is heavily wounded.
You block the scorpion's attack.
You feel agile all of a sudden.
You feel sick.
The scorpion stings you but does no damage.
The two-headed ogre hits you with a +0 giant club!!
You die...

. .. #############
#######.# ##.....#.....##
...#....###...<.........##
..J..#####...............#
###.................<....#
########...............#
#.....O.........#
#######......@........#
)............s........#
.#######.............##
##.....#.....##
##...########## ##.....##
#......(# #.......#
#####.......#


You could see a two-headed ogre and a scorpion.

Vanquished Creatures
  2 sky beasts (D:5)
  Duvessa (D:4)
  2 orc warriors (D:6)
  2 ice beasts
  An eye of draining (shapeshifter) (D:5)
  A phantom (D:5)
  2 centaurs
  A crocodile (D:6)
  A bullfrog (D:6)
  Dowan (D:4)
  3 scorpions
  3 killer bees (D:7)
  3 crimson imps
  5 hounds
  A jelly (D:7)
  An orc priest (D:6)
  2 orc wizards (D:7)
  A centaur skeleton (D:4)
  3 iguanas
  Terence (D:2)
  6 worker ants
  A killer bee zombie (D:5)
  A hound zombie (D:7)
  12 mummies (Ossuary)
  2 worker ant zombies
  11 adders
  7 gnolls
  A shadow imp (D:7)
  An ooze (D:4)
  2 adder skeletons (D:4)
  6 worms
  2 dart slugs
  6 leopard geckos
  13 orcs
  3 giant cockroaches
  8 goblins
  7 hobgoblins
  2 quokkas
  3 ball pythons
  10 bats
  5 frilled lizards
  3 gnoll skeletons (Ossuary)
  2 goblin skeletons (Ossuary)
  11 kobolds
  3 kobold skeletons (Ossuary)
  A leopard gecko zombie (D:6)
  7 rats
  11 rat skeletons (Ossuary)
184 creatures vanquished.

Vanquished Creatures (others)
  A quokka (D:7)
1 creature vanquished.

Grand Total: 185 creatures vanquished

Notes
Turn   | Place    | Note
-------+----------+-------------------------------------------
     0 | D:1      | Marnok the Human Fighter began the quest for the Orb.
     0 | D:1      | Reached XP level 1. HP: 18/18 MP: 1/1
   139 | D:1      | Reached XP level 2. HP: 24/24 MP: 2/2
   299 | D:2      | Noticed Terence
   311 | D:2      | Killed Terence
   311 | D:2      | Reached XP level 3. HP: 27/29 MP: 3/3
   647 | D:1      | Reached XP level 4. HP: 34/36 MP: 4/4
  1070 | D:4      | Found a staircase to the Ecumenical Temple.
  1096 | D:4      | Noticed Dowan
  1098 | D:4      | Noticed Duvessa
  1127 | D:5      | Entered Level 5 of the Dungeon
  1150 | D:4      | Killed Duvessa
  1150 | D:4      | Reached skill level 1 in Short Blades
  1150 | D:4      | Reached XP level 5. HP: 6/42 MP: 5/5
  1157 | D:4      | Killed Dowan
  1157 | D:4      | Reached skill level 4 in Shields
  1157 | D:4      | Reached XP level 6. HP: 7/48 MP: 6/6
  1299 | D:4      | Found Qirphotz's Magic Scroll Boutique.
  1316 | D:4      | Bought a scroll of identify for 24 gold pieces
  1317 | D:4      | Found Moqemy's Armour Boutique.
  1323 | D:4      | Reached skill level 1 in Stealth
  1331 | D:4      | Found Couheg's Weapon Emporium.
  1386 | D:4      | Found a sand-covered staircase.
  1391 | Ossuary  | Entered an ossuary
  1675 | Ossuary  | Reached skill level 1 in Dodging
  1949 | Ossuary  | Reached XP level 7. HP: 11/54 MP: 7/7
  3340 | D:4      | Found Cifopp's Book Boutique.
  3417 | D:4      | Found Hibo's General Store.
  3801 | D:2      | Reached skill level 5 in Shields
  4587 | D:3      | Found a glowing golden altar of the Shining One.
  5327 | D:5      | Reached XP level 8. HP: 60/60 MP: 8/8
  5407 | D:5      | Reached skill level 6 in Shields
  5666 | D:5      | Found Akhoblupn's Gadget Emporium.
  5706 | D:5      | Noticed Edmund
  5706 | D:5      | Paralysed by an orc for 5 turns
  5782 | D:5      | Noticed Edmund
  5782 | D:5      | Edmund changed into Edmund the shapeshifter
  5783 | D:5      | Noticed Edmund
  5783 | D:5      | Edmund the shapeshifter changed into Edmund the eye of
                  | draining
  5802 | D:5      | Killed Edmund the eye of draining
  5802 | D:5      | Reached skill level 5 in Armour
  7061 | D:6      | Reached XP level 9. HP: 30/66 MP: 9/9
  7153 | D:6      | Reached skill level 5 in Short Blades
  7164 | D:6      | Reached skill level 7 in Shields
  8455 | D:8      | Noticed a two-headed ogre
  9073 | D:7      | Reached skill level 5 in Fighting
  9077 | D:7      | Found a basalt altar of Yredelemnul.
  9111 | D:7      | Found a transporter.
  9115 | D:7      | Found a transporter.
  9115 | D:7      | Noticed a hornet
  9115 | D:7      | Noticed Freyura's ghost (novice TrFi)
  9252 | D:7      | Reached skill level 8 in Shields
  9287 | D:7      | Gained mutation: Your body sometimes deteriorates upon
                  | taking damage. [potion of mutation]
  9287 | D:7      | Gained mutation: You are weak. (Str -2) [potion of
                  | mutation]
  9287 | D:7      | Gained mutation: Your mind is acute. (Int +2) [potion of
                  | mutation]
  9287 | D:7      | Gained mutation: You have a somewhat thin skeletal
                  | structure. (Dex +2, Stealth) [potion of mutation]
  9608 | D:7      | Slain by a two-headed ogre

Skill      XL: |  1  2  3  4  5  6  7  8  9 |
---------------+----------------------------+-----
Short Blades   | 1 2 3 4 6 |  6.1
Armour         | 4 5 |  5.5
Shields        | 4 5 6 8 |  8.0
Fighting       | 4 5 |  5.0
Stealth        | 1 |  1.6
Dodging        | 1 3 4 |  4.6
Axes           | |  2.4
Evocations     | |  0.2

Action                   |  1- 3 |  4- 6 |  7- 9 || total
-------------------------+-------+-------+-------++-------
Melee: War axe           |    29 |       |       ||    29
       Dagger            |    31 |   169 |  1307 ||  1507
Throw: Throwing net      |       |       |     1 ||     1
 Abil: Stop Flying       |       |       |     1 ||     1
       Evoke Flight      |       |       |     1 ||     1
Evoke: Wand              |       |       |     3 ||     3
  Use: Scroll            |       |     5 |     8 ||    13
       Potion            |       |     4 |    10 ||    14
 Stab: Invisible         |       |     2 |       ||     2
  Eat: Chunk             |       |     1 |    11 ||    12
       Ration            |       |     1 |     4 ||     5
Armor: Scale mail        |    15 |    36 |    21 ||    72
       Ring mail         |       |       |   242 ||   242
       Skin              |       |       |     1 ||     1
Dodge: Dodged            |    15 |    29 |   258 ||   302
Block: Shield            |    27 |    58 |   739 ||   824
       Reflection        |       |       |    17 ||    17
